 Dungeon Crawl Stone Soup version 0.31-a0-986-g5e6e4ef867 (webtiles) character file.

Game seed: 17629387019312767676

399 pokeman the Thaumaturge (level 6, -6/34 HPs)
             Began as a Deep Elf Hedge Wizard on Nov 7, 2023.
             Killed by nerve-wracking pain
             ... invoked by Menkaure
              (14 damage)
             ... on level 4 of the Dungeon.
             The game lasted 00:06:40 (3127 turns).

pokeman the Thaumaturge (Deep Elf Hedge Wizard)     Turns: 3127, Time: 00:06:41

Health: -6/34      AC:  2    Str:  7    XL:     6   Next: 53%
Magic:  13/19      EV: 13    Int: 21    God:
Gold:   139        SH:  0    Dex: 14    Spells: 13/21 levels left

rFire   . . .        l - +0 short sword (venom)
rCold   . . .        (no shield)
rNeg    . . .        b - +0 robe
rPois   .            c - +0 hat
rElec   .            (no cloak)
rCorr   .            (no gloves)
SInv    .            (no boots)
Will    .....        k - amulet of magic regeneration
Stlth   ++           (no ring)
HPRegen 0.25/turn    (no ring)
MPRegen 0.56/turn

%: no passive effects
@: no status effects
A: no striking features
a: no special abilities


You were on level 4 of the Dungeon.
You visited 1 branch of the dungeon, and saw 4 of its levels.

You collected 139 gold pieces.

Inventory:

Hand Weapons
 f - a +0 trident of pain
 l - a +0 short sword of venom (weapon)
Missiles
 r - a throwing net
Armour
 b - a +0 robe (worn)
 c - a +0 hat (worn)
Magical Staves
 o - a staff of poison
Jewellery
 k - an amulet of magic regeneration (around neck)
Scrolls
 a - 4 scrolls of identify {unknown}
 e - a scroll of fear {unknown}
 g - a scroll of revelation {unknown}
 i - a scroll of enchant weapon {unknown}
 m - 2 scrolls of fog {unknown}
 q - a scroll of teleportation {unknown}
 s - 2 scrolls of amnesia {unknown}
Potions
 d - a potion of magic
 h - a potion of brilliance {unknown}
 j - 2 potions of degeneration {unknown}
 n - a potion of mutation {unknown}
 p - a potion of resistance {unknown}


   Skills:
 - Level 1.0 Fighting
 - Level 1.0 Armour
 - Level 3.0 Dodging
 - Level 3.0 Stealth
 * Level 8.3 Spellcasting
 + Level 2.6 Conjurations
 - Level 1.1 Summonings
 + Level 0.3 Necromancy
 - Level 1.1 Translocations
 + Level 0.3 Air Magic
 + Level 0.3 Poison Magic
 + Level 0.3 Evocations


You had 13 spell levels left.
You knew the following spells:

 Your Spells              Type           Power      Damage    Failure   Level
a - Magic Dart            Conj           76%        1d6       2%          1
b - Mephitic Cloud        Conj/Pois/Air  13%        N/A       14%         3
c - Call Imp              Summ           26%        N/A       8%          2
d - Blink                 Tloc           26%        N/A       8%          2

Your spell library contained the following spells:

 Spells                   Type           Power      Damage    Failure   Level
 Apportation              Tloc           26%        N/A       4%          1
 Summon Small Mammal      Summ           52%        N/A       4%          1
 Necrotise                Necr           40%        1d6       7%          1
 Sting                    Tmut/Pois      36%        1d4       7%          1
 Freeze                   Ice            32%        1d5       8%          1
 Slow                     Hex            32%        N/A       8%          1
 Cigotuvi's Dreadful Rot  Necr/Pois/Air  20%        N/A       10%         2
 Poisonous Vapours        Pois/Air       20%        N/A       10%         2
 Hailstorm                Conj/Ice       14%        3d5       14%         3
 Frozen Ramparts          Ice            16%        1d3       22%         3
 Olgreb's Toxic Radiance  Pois           10%        N/A       54%         4


Dungeon Overview and Level Annotations

Branches:
Dungeon (4/15)
 Temple: D:4-7

Altars:
Nemelex Xobeh

Shops:
D:1 [

Annotations:
D:4 Menkaure


Message History

Menkaure is heavily damaged.
Menkaure calls on the powers of darkness!
Your body is wracked with pain!
Casting: Magic Dart (safe; 2% risk of failure)
Confirm with . or Enter, or press ? or * to list all spells.
Aiming: Magic Dart (safe; 2% risk of failure)
Press: ? - help, Shift-Dir - straight line, f/p - Menkaure
Aim: Menkaure (heavily damaged, 100% to hit)
The magic dart hits Menkaure.
Menkaure is heavily damaged.
Unknown command.
Casting: Magic Dart (safe; 2% risk of failure)
Confirm with . or Enter, or press ? or * to list all spells.
Aiming: Magic Dart (safe; 2% risk of failure)
Press: ? - help, Shift-Dir - straight line, f/p - Menkaure
Aim: Menkaure (heavily damaged, 100% to hit)
The magic dart hits Menkaure.
Menkaure is severely damaged.
Menkaure mumbles some strange words.
Menkaure seems to speed up.
Casting: Magic Dart (safe; 2% risk of failure)
Confirm with . or Enter, or press ? or * to list all spells.
Aiming: Magic Dart (safe; 2% risk of failure)
Press: ? - help, Shift-Dir - straight line, f/p - Menkaure
Aim: Menkaure (severely damaged, fast, 100% to hit)
The magic dart hits Menkaure.
Menkaure is severely damaged.
Menkaure calls on the powers of darkness!
Your body is wracked with pain!
* * * LOW HITPOINT WARNING * * *
Casting: Magic Dart (safe; 2% risk of failure)
Confirm with . or Enter, or press ? or * to list all spells.
Aiming: Magic Dart (safe; 2% risk of failure)
Press: ? - help, Shift-Dir - straight line, f/p - Menkaure
Aim: Menkaure (severely damaged, fast, 100% to hit)
The magic dart hits Menkaure.
Menkaure is almost destroyed.
Menkaure points at you and mumbles some strange words.
Pain shoots through your body!
You die...

>...#..##.............
....### #........#...#
.#....# ........#....
####.## ###........... #
#.####.#.........
##..#.....#......
#..............## #
###..†....#.......#..###
....#....##.#...@.M....#
..###..####.#.###.......
)..##...#.#....# ##.##..
..###.........####..# ..
#####......##...##.. ...
#.#.......####.###.####...
................##........
......#....#.....#.....##.
....####...##............#


You could see Menkaure (fast).

Vanquished Creatures
  Sigmund (D:3)
  A hound (D:4)
  A jelly (D:4)
  An orc wizard (D:3)
  4 gnolls (D:3)
  4 adders
  A worm (D:4)
  5 dart slugs
  3 orcs
  7 ball pythons
  6 endoplasms
  2 giant cockroaches
  4 goblins
  7 hobgoblins
  4 jackals (D:1)
  9 kobolds
  2 quokkas
  3 bats
  14 frilled lizards
  5 rats
84 creatures vanquished.

Notes
Turn   | Place    | Note
-------+----------+-------------------------------------------
     0 | D:1      | pokeman the Deep Elf Hedge Wizard began the quest for the
                  | Orb.
     0 | D:1      | Reached XP level 1. HP: 10/10 MP: 7/7
    59 | D:1      | Found Uzudaodgh's Armour Shoppe.
   248 | D:1      | Reached XP level 2. HP: 15/15 MP: 4/9
   544 | D:1      | Reached skill level 5 in Spellcasting
   796 | D:1      | Reached XP level 3. HP: 20/20 MP: 9/11
   802 | D:1      | Learned a level 3 spell: Mephitic Cloud
   805 | D:1      | Learned a level 2 spell: Call Imp
   808 | D:1      | Learned a level 2 spell: Blink
   909 | D:2      | Found a sparkling altar of Nemelex Xobeh.
  1441 | D:2      | Reached skill level 1 in Fighting
  1961 | D:3      | Noticed Sigmund
  1976 | D:3      | Killed Sigmund
  1977 | D:3      | Reached skill level 7 in Spellcasting
  1977 | D:3      | Reached XP level 4. HP: 25/25 MP: 6/15
  1977 | D:3      | Reached XP level 5. HP: 29/29 MP: 6/17
  2021 | D:3      | Reached skill level 1 in Armour
  2470 | D:3      | Found a faded altar of an unknown god.
  2517 | D:3      | Reached skill level 8 in Spellcasting
  2517 | D:3      | Reached XP level 6. HP: 4/34 MP: 15/19
  3115 | D:4      | Noticed Menkaure
  3127 | D:4      | Killed from afar by Menkaure

Illustrated notes

Levels and vault maps discovered:
D:1:      wander_arrival_fairy_ring, layout_rooms, serial_shops,
          nicolae_shop_advertising_works [nicolae_subvault_shop_adworks],
          serial_bayou_pond_e, minmay_misc_feat_secret_circle,
          minmay_misc_feat_enclosed
D:2:      layout_basic, basic_altar, nicolae_concentric_dashed_squares_mild
D:3:      layout_loops_cross, shapermc_ecumenical_altar_totnotflames,
          minmay_lizard_king, uniq_sigmund
D:4:      layout_cave_pools, st_stairs_13, uniq_menkaure

Skill      XL: |  1  2  3  4  5  6 |
---------------+-------------------+-----
Spellcasting   | 5 7 8 |  8.3
Fighting       | 1 |  1.0
Armour         | 1 |  1.0
Conjurations   | 2 |  2.6
Dodging        | 3 |  3.0
Stealth        | 3 |  3.0
Summonings     | |  1.1
Necromancy     | |  0.3
Translocations | |  1.1
Air Magic      | |  0.3
Poison Magic   | |  0.3
Evocations     | |  0.3

Action                     |  1- 3 |  4- 6 || total
---------------------------+-------+-------++-------
  Melee: Hand axe          |    11 |       ||    11
         Short sword       |     9 |    15 ||    24
   Cast: Magic Dart        |    73 |   126 ||   199
         Mephitic Cloud    |     2 |     4 ||     6
         Call Imp          |       |     1 ||     1
   Stab: Sleeping          |     2 |       ||     2
         Confused          |     1 |     3 ||     4
 Armour: Robe              |    19 |    14 ||    33
  Dodge: Dodged            |    28 |    19 ||    47

Table legend: (Time is in decaauts)
 A = Elapsed time spent in this place.
 B = Non-inter-level travel time spent in this place.
 C = Inter-level travel time spent in this place.
 D = Time resting spent in this place.
 E = Time spent auto-exploring this place.
 F = Levels seen in this place.
 G = Mean time per level.
                   A        B        C        D        E       F      G
               +--------+--------+--------+--------+--------+-----+--------+
         Total |   3136 |   3098 |     38 |      0 |   2668 |   4 |  784.0 |
       Dungeon |   3136 |   3098 |     38 |      0 |   2668 |   4 |  784.0 |
               +--------+--------+--------+--------+--------+-----+--------+

Top non-repeatable levels by time:
     D:2: 1034 daAuts
     D:1: 907 daAuts
     D:3: 860 daAuts
     D:4: 333 daAuts
